Map: Simulacrum LE

Players

FroPenguin

  • Race: Protoss Protoss
  • League: Gold
  • Spawn Location: 5:00

ViBE - Winner!

  • Race: Protoss Protoss
  • League: Platinum
  • Spawn Location: 11:00

VOD

Have the link to the VOD?

Description

Time

  • Played on: Dec. 8, 2019, 11:51 p.m.
  • Length: 12:54
Show
View Real Time Build Order
Export as new Build Order

FroPenguin Protoss 

Build Orders: Oracle Opening, Chargelot Immortal 

Get SALT Encoding   

  12  0:01  Probe  
  13  0:13  Probe  
  14  0:18  Pylon  
  14  0:25  Probe  
  15  0:38  Gateway  
  15  0:42  Probe (Chrono Boost)  
  16  0:52  Probe (Chrono Boost)  
  17  0:57  Probe (Chrono Boost)  
  17  1:03  Assimilator  
  18  1:07  Assimilator  
  18  1:09  Probe (Chrono Boost)  
  19  1:18  Probe (Chrono Boost)  
  20  1:23  Probe  
  21  1:29  Cybernetics Core  
  21  1:35  Pylon, Probe  
  22  1:47  Probe  
  23  1:59  Probe  
  24  2:03  Nexus  
  24  2:08  Warp Gate  
  24  2:12  Stalker (Chrono Boost)  
  26  2:19  Probe  
  27  2:31  Pylon, Probe  
  28  2:39  Stalker  
  30  2:52  Probe  
  31  2:58  Stargate  
  31  3:04  Probe  
  32  3:11  Stalker  
  34  3:16  Probe  
  34  3:17  Gateway  
  35  3:25  Gateway  
  35  3:29  Probe  
  35  3:30  Probe  
  37  3:41  Probe  
  38  3:42  Oracle (Chrono Boost)  
  38  3:47  Zealot  
  43  3:51  Probe  
  43  3:53  Probe  
  45  3:57  Pylon  
  45  4:03  Probe  
  45  4:05  Probe  
  45  4:08  Forge  
  47  4:16  Oracle (Chrono Boost)  
  47  4:22  Pylon  
  50  4:28  Probe  
  50  4:29  Probe  
  52  4:35  Robotics Facility  
  52  4:40  Probe  
  52  4:41  Probe, Robotics Facility  
  54  4:45  Assimilator  
  54  4:48  Assimilator  
  54  4:50  Sentry  
  54  4:52  Zealot  
  58  4:53  Probe  
  58  4:58  Stalker  
  61  5:02  Pylon  
  61  5:26  Stalker x3  
  61  5:40  Probe  
  61  5:41  Probe  
  63  5:50  Pylon  
  63  5:52  Pylon, Probe  
  63  5:53  Probe  
  63  5:54  Immortal (Chrono Boost), Twilight Council  
  69  5:59  Immortal (Chrono Boost)  
  73  6:04  Probe  
  73  6:06  Protoss Ground Weapons Level 1 (Chrono Boost)  
  74  6:18  Probe  
  75  6:20  Sentry  
  75  6:22  Zealot x2  
  81  6:26  Charge (Chrono Boost)  
  81  6:30  Pylon  
  81  6:31  Pylon  
  85  6:46  Immortal (Chrono Boost)  
  85  6:48  Zealot x3  
  85  6:51  Immortal (Chrono Boost)  
  95  7:14  Stalker, Zealot x2  
  101  7:38  Photon Cannon  
  101  7:40  Photon Cannon  
  101  7:57  Gateway  
  101  8:00  Protoss Ground Armor Level 1  
  93  8:17  Gateway  
  51  8:27  Immortal (Chrono Boost)  
  51  8:28  Immortal (Chrono Boost)  
  51  8:33  Stalker x3  
  65  8:38  Gateway  
  65  8:40  Gateway  
  65  8:43  Gateway  
  65  8:56  Immortal (Chrono Boost)  
  65  8:57  Immortal (Chrono Boost)  
  65  9:01  Stalker  
  65  9:02  Stalker, Zealot x2  
  81  9:17  Sentry  
  83  9:25  Sentry x2  
  83  9:27  Zealot x2  
  83  9:29  Nexus  
  91  9:37  Stalker  
  93  9:48  Stalker x2  
  93  9:52  Zealot  
  99  10:02  Pylon  
  99  10:06  Protoss Ground Weapons Level 2 (Chrono Boost)  
  99  10:33  Stalker x3  
  99  10:34  Stalker x2  
  109  10:58  Zealot x4  
  109  10:59  Zealot x2  
  105  11:36  Stalker x7  
  105  11:37  Stalker  
  54  12:04  Templar Archives  
  48  12:12  Stalker x6  
  48  12:13  Stalker  
  62  12:16  Zealot  
  66  12:33  Probe  
Show
View Real Time Build Order
Export as new Build Order

ViBE Protoss - Winner!

Build Orders: Archon Immortal 

Get SALT Encoding   

  12  0:00  Probe  
  13  0:12  Probe  
  14  0:19  Pylon  
  14  0:25  Probe  
  15  0:37  Probe (Chrono Boost)  
  15  0:40  Gateway  
  16  0:48  Assimilator  
  16  0:52  Probe (Chrono Boost)  
  17  0:57  Probe (Chrono Boost)  
  18  1:06  Probe (Chrono Boost)  
  20  1:18  Probe (Chrono Boost)  
  20  1:24  Probe (Chrono Boost)  
  21  1:26  Assimilator  
  21  1:33  Probe  
  21  1:34  Cybernetics Core  
  22  1:45  Probe  
  23  1:50  Nexus  
  23  1:59  Pylon  
  23  2:17  Probe (Chrono Boost)  
  23  2:19  Stalker, Warp Gate  
  26  2:27  Probe (Chrono Boost)  
  26  2:29  Gateway  
  27  2:32  Probe (Chrono Boost)  
  28  2:43  Probe  
  29  2:55  Sentry  
  31  3:00  Pylon  
  31  3:03  Probe (Chrono Boost)  
  33  3:07  Probe (Chrono Boost)  
  33  3:09  Pylon  
  33  3:12  Probe (Chrono Boost)  
  34  3:14  Robotics Facility  
  34  3:15  Probe (Chrono Boost)  
  34  3:17  Probe (Chrono Boost)  
  36  3:22  Stalker  
  36  3:26  Probe  
  39  3:27  Stalker  
  39  3:29  Probe  
  42  3:38  Probe  
  43  3:42  Probe  
  44  3:50  Probe  
  44  3:54  Probe  
  46  3:58  Nexus  
  46  4:00  Pylon  
  46  4:02  Probe  
  47  4:06  Probe, Observer  
  47  4:09  Stalker x2  
  53  4:14  Probe  
  54  4:18  Probe  
  54  4:22  Assimilator x2  
  55  4:30  Probe x2  
  57  4:34  Immortal  
  61  4:41  Twilight Council  
  61  4:42  Stalker x2  
  65  4:49  Probe x2  
  67  5:00  Pylon  
  67  5:01  Probe x2  
  67  5:02  Pylon  
  67  5:05  Pylon  
  69  5:10  Charge  
  69  5:11  Probe  
  69  5:13  Pylon, Probe (Chrono Boost)  
  72  5:14  Probe (Chrono Boost)  
  72  5:20  Forge  
  72  5:24  Probe (Chrono Boost)  
  72  5:25  Probe (Chrono Boost)  
  72  5:27  Probe (Chrono Boost)  
  66  5:33  Probe x2 (Chrono Boost)  
  66  5:34  Probe (Chrono Boost)  
  69  5:37  Probe (Chrono Boost)  
  69  5:40  Probe x2 (Chrono Boost)  
  69  5:41  Zealot  
  69  5:42  Zealot  
  76  5:49  Probe (Chrono Boost)  
  77  5:52  Probe (Chrono Boost)  
  77  5:53  Probe (Chrono Boost)  
  77  5:54  Photon Cannon  
  79  5:57  Photon Cannon  
  79  5:58  Probe (Chrono Boost)  
  79  5:59  Probe (Chrono Boost)  
  79  6:01  Probe (Chrono Boost), Photon Cannon  
  79  6:03  Probe  
  82  6:09  Probe  
  84  6:11  Probe  
  84  6:15  Templar Archives, Probe  
  86  6:21  Probe  
  86  6:23  Probe  
  86  6:24  Protoss Ground Weapons Level 1 (Chrono Boost), Zealot  
  86  6:25  Zealot  
  92  6:27  Probe, Immortal  
  97  6:36  Probe x2, Assimilator  
  97  6:37  Assimilator  
  100  6:40  Probe  
  100  6:42  Pylon  
  100  6:48  Probe x2  
  100  6:52  Probe  
  103  6:56  Nexus  
  103  6:59  Pylon  
  103  7:04  High Templar x2  
  107  7:10  Gateway  
  107  7:12  Gateway  
  107  7:15  Gateway  
  107  7:17  Gateway  
  107  7:19  Gateway  
  107  7:20  Gateway  
  107  7:23  Immortal  
  107  7:24  Probe  
  107  7:25  Probe  
  107  7:26  Probe  
  114  7:36  Probe  
  115  7:37  High Templar x2, Probe  
  115  7:38  Probe  
  115  7:39  Archon  
  115  7:41  Archon  
  115  7:42  Photon Cannon  
  121  7:46  Pylon  
  121  7:49  Pylon  
  120  7:52  Pylon  
  120  7:58  Probe x2  
  118  8:12  Zealot x3  
  114  8:13  Protoss Ground Weapons Level 2 (Chrono Boost), Zealot x4  
  114  8:14  Zealot  
  114  8:15  Nexus  
  114  8:19  Probe x3 (Chrono Boost)  
  117  8:24  Immortal  
  119  8:32  Probe x3 (Chrono Boost)  
  122  8:35  Pylon  
  122  8:37  Probe x2 (Chrono Boost)  
  122  8:38  Probe (Chrono Boost)  
  125  8:41  High Templar  
  125  8:42  High Templar x3  
  125  8:43  High Templar  
  125  8:44  High Templar  
  125  8:45  High Templar  
  125  8:47  High Templar  
  141  8:49  Archon x3  
  141  8:51  Archon  
  141  9:02  Gateway  
  141  9:03  Gateway  
  141  9:05  Gateway  
  141  9:07  Gateway  
  141  9:09  Gateway  
  141  9:10  Gateway  
  141  9:14  Robotics Facility  
  141  9:19  High Templar  
  141  9:20  High Templar x3  
  141  9:22  Zealot x3  
  141  9:24  Zealot  
  157  9:25  Archon  
  157  9:26  Archon  
  157  9:30  Immortal  
  161  9:35  Pylon  
  161  9:38  Pylon  
  161  9:41  Assimilator x2  
  161  9:42  Pylon  
  161  9:50  Pylon  
  161  9:53  Pylon  
  161  9:55  Pylon, Zealot x3  
  161  9:56  Zealot x4  
  175  10:10  High Templar  
  175  10:11  High Templar x4  
  175  10:12  High Templar  
  187  10:14  Nexus  
  187  10:15  Pylon, Archon x2  
  187  10:16  High Templar x2, Archon  
  187  10:20  Zealot x2  
  187  10:21  Zealot  
  197  10:22  Zealot  
  197  10:24  Observer  
  197  10:26  Archon  
  187  10:31  Probe  
  187  10:32  Probe x3  
  187  10:44  Probe x2  
  189  10:53  Probe x2  
  189  10:56  Probe x2  
  193  10:58  Photon Cannon  
  193  11:00  Photon Cannon  
  193  11:03  Photon Cannon, Shield Battery  
  193  11:05  Probe, Shield Battery  
  193  11:07  Photon Cannon  
  193  11:09  Photon Cannon, Shield Battery  
  192  11:11  Shield Battery  
  183  11:22  Probe  
  183  11:23  Probe x2  
  176  11:27  High Templar x4  
  176  11:28  High Templar x2  
  183  11:35  Probe x2 (Chrono Boost)  
  183  11:36  Probe (Chrono Boost)  
  175  11:43  Nexus, Probe (Chrono Boost)  
  175  11:46  Archon  
  162  11:47  Probe x2 (Chrono Boost), Archon  
  162  11:48  Probe (Chrono Boost)  
  164  11:54  Probe (Chrono Boost)  
  164  11:55  Probe x2 (Chrono Boost)  
  164  11:56  Probe (Chrono Boost)  
  164  12:00  Assimilator  
  165  12:02  Probe (Chrono Boost)  
  165  12:05  Probe (Chrono Boost)  
  165  12:06  Probe x2 (Chrono Boost)  
  169  12:08  Probe (Chrono Boost)  
  171  12:18  Probe x2 (Chrono Boost)  
  171  12:26  Probe  
  171  12:27  Probe x2  
  174  12:39  Probe  
  174  12:40  Probe x2  
  177  12:45  High Templar x4  
  177  12:46  High Templar x2  
  177  12:47  Zealot x2  
  177  12:48  Zealot x3  
  177  12:51  Archon x2  
  177  12:52  Archon  
Tags
 
Add a new tag
Caveats
  • Supply blocks, unpowered buildings, or Contaminate may cause inaccurate times.
  • Supply counts are checked every 10 seconds.